 Dungeon Crawl Stone Soup version 0.24.1 (webtiles) character file.

Game seed: 5334090944168884285, levelgen mode: deterministic

114 Destapler the Skirmisher (level 4, -3/41 HPs)
             Began as a Minotaur Abyssal Knight on Mar 26, 2020.
             Was a Follower of Lugonu.
             Slain by Natasha (6 damage)
             ... on level 2 of the Dungeon.
             The game lasted 00:04:26 (1178 turns).

Destapler the Skirmisher (Minotaur Abyssal Knight)  Turns: 1178, Time: 00:04:27

Health: -3/41      AC:  3    Str: 18    XL:     4   Next: 66%
Magic:  4/4        EV: 12    Int:  9    God:    Lugonu [*.....]
Gold:   80         SH:  0    Dex:  9    Spells: 3/3 levels left

rFire    . . .     SeeInvis .   b - +2 short sword (flame)
rCold    . . .     Gourm    .   (no shield)
rNeg     . . .     Faith    .   h - +0 leather armour
rPois    .         Spirit   .   (helmet restricted)
rElec    .         Reflect  .   (no cloak)
rCorr    .         Harm     .   (no gloves)
MR       .....                  (no boots)
Stlth    +.........             l - amulet of rage
HPRegen  0.13/turn              (no ring)
MPRegen  0.09/turn              (no ring)

@: no status effects
A: retaliatory headbutt, horns 2
a: Depart the Abyss, Renounce Religion, Evoke Berserk Rage


You were on level 2 of the Dungeon.
You worshipped Lugonu.
Lugonu was aware of your devotion.
You were not hungry.

You visited 1 branch of the dungeon, and saw 2 of its levels.
You visited the Abyss 1 time.

You collected 80 gold pieces.

Inventory:

Hand Weapons
 a - a +1 hand axe
 b - a +2 short sword of flaming (weapon)
Missiles
 g - 32 stones (quivered)
Armour
 h - a +0 leather armour (worn)
Jewellery
 l - an amulet of rage (around neck)
Scrolls
 d - 2 scrolls of remove curse {unknown}
 e - 3 scrolls of identify {unknown}
 j - a scroll of blinking {unknown}
 k - a scroll of fear {unknown}
 m - a scroll of teleportation {unknown}
Potions
 i - a potion of heal wounds {unknown}
Comestibles
 c - 4 rations


   Skills:
 - Level 4.4 Fighting
 + Level 3.2 Axes
 + Level 3.3 Armour
 + Level 1.9 Dodging
 + Level 1.0 Stealth
 + Level 2.3 Invocations
 + Level 1.0 Evocations


You had 3 spell levels left.
You didn't know any spells.
Your spell library was empty.

Dungeon Overview and Level Annotations

Branches:
Dungeon (2/15)

Altars:

Annotations:
D:2 Natasha


Innate Abilities, Weirdness & Mutations

You reflexively headbutt those who attack you in melee.
You have a pair of horns on your head.


Message History

* * * LOW HITPOINT WARNING * * *
A gnoll comes into view. It is wielding a +0 spear.
The gnoll shouts!
You hear a shout!
The gnoll closely misses you.
Things that are here:
a +0 flail; 16 gold pieces The gnoll closely misses you.
The gnoll throws a stone.
The stone barely misses you. The gnoll barely misses you.
Natasha hisses angrily.
You hit Natasha. You burn Natasha.
Natasha is heavily wounded.
Natasha casts a spell.
The gnoll hits you but does no damage. Natasha closely misses you.
The white imp gestures at you. The puff of frost hits you.
* * * LOW HITPOINT WARNING * * *
Natasha claws you.
You die...

#.###..............######...#....
#.# ##......###.##.# ###..##....
#.# #......>...##.# #....###...
#.## #..........##.. #..#........
#..###......#...##......#........
.#...#......#...####.............
.###.###..###..5.#....####....รท..
..##.# #..# #.<#.h.######........
#.##.###..###...@..g.............
#.....##..##........g............
#.##........#..#..###..#.####.#..
#.#..............## #..#.## #.#.#
#.#.........##....# #.....###...#
#.#..........#........##.......##
#.#..........####.#.####...##....
#.#..........# .#........##.)#
#.#..........# >..######.....#


You could see Natasha, 2 gnolls and a white imp.

Vanquished Creatures
  A crimson imp (D:2)
  Natasha (D:2)
  A gnoll (D:2)
  An adder (D:2)
  A worm (D:2)
  A dart slug (D:1)
  2 leopard geckos
  6 bats
  3 giant cockroaches
  2 hobgoblins (D:1)
  4 jackals (D:1)
  6 kobolds
  A rat (D:1)
30 creatures vanquished.

Vanquished Creatures (others)
  6 starspawn tentacles (Abyss:1)
6 creatures vanquished.

Grand Total: 36 creatures vanquished

Notes
Turn   | Place    | Note
-------+----------+-------------------------------------------
     0 | Abyss:1  | Destapler the Minotaur Abyssal Knight began the quest for
                  | the Orb.
     0 | Abyss:1  | Reached XP level 1. HP: 19/19 MP: 1/1
    28 | Abyss:1  | Noticed a wretched star
    28 | Abyss:1  | Noticed a tentacled starspawn
    47 | Abyss:1  | Noticed a large abomination
    52 | D:1      | Escaped the Abyss
    93 | D:1      | Reached * piety under Lugonu
   127 | D:1      | Reached skill level 4 in Fighting
   128 | D:1      | Reached XP level 2. HP: 24/27 MP: 2/2
   860 | D:2      | Reached XP level 3. HP: 31/34 MP: 3/3
   904 | D:2      | Noticed Natasha
   908 | D:2      | Reached XP level 4. HP: 27/41 MP: 4/4
   912 | D:2      | Killed Natasha
  1112 | D:2      | Noticed Natasha
  1162 | D:2      | Reached skill level 1 in Stealth
  1162 | D:2      | Reached skill level 1 in Evocations
  1178 | D:2      | Slain by Natasha

Levels and vault maps discovered:
D:1:      dpeg_arrival_radiant, layout_loops_ring
D:2:      layout_rooms, tso_oasis_becter, uniq_natasha

Skill      XL: |  1  2  3  4 |
---------------+-------------+-----
Fighting       | 4 |  4.4
Armour         | 3 |  3.3
Invocations    | 2 |  2.3
Axes           | 3 |  3.2
Stealth        | 1 |  1.0
Evocations     | 1 |  1.0
Dodging        | |  1.9

Action                   |  1- 3 |  4- 6 || total
-------------------------+-------+-------++-------
Melee: Hand axe          |    16 |       ||    16
       Short sword       |    39 |    12 ||    51
       Headbutt          |     5 |     1 ||     6
Invok: Depart the Abyss  |     1 |       ||     1
 Abil: Evoke Berserk Rag |     1 |       ||     1
  Eat: Chunk             |       |     2 ||     2
Armor: Leather armour    |    25 |       ||    25
Dodge: Dodged            |    52 |    11 ||    63
